General information
- name: BNet
- type: Ladder team game (AT/RT)
- host: Battle.net
- saver: (p-_^)q
map: Mur'gulOasis_LV
- players: 8
- length: 48:04
- speed: Fast
- version: 1.29 W3XP
- replay type: Public
» download(466 KB)
Players
team 1 (loser)

»
lordfire99 (
teal | 75 APM | 3525 actions | 47:01)
8 Dreadlord
3 Sleep
2 Vampiric Aura
2 Carrion Swarm
1 Inferno
» actions
| Assign group hotkey | 120 | |
| Basic commands | 144 | |
| Build / train | 94 | |
| ESC pressed | 12 | |
| Enter build submenu | 20 | |
| Enter hero's abilities submenu | 11 | |
| Give item / drop item | 7 | |
| Right click | 1103 | |
| Select / deselect | 543 | |
| Select group hotkey | 1256 | |
| Use ability | 215 | |
3525 total
» units
| Acolyte | 11 | |
| Ghoul | 5 | |
| Crypt Fiend | 14 | |
| Mur'gul Snarecaster | 1 | |
| Giant Sea Turtle | 1 | |
| Obsidian Statue | 4 | |
| Meatwagon | 1 | |
37 total
» upgrades
| Creature Carapace | 3 | |
| Creature Attack | 3 | |
| Web | 1 | |
| Destroyer Form | 1 | |
| Burrow | 1 | |
| Ghoul Frenzy | 1 | |
| Disease Cloud | 1 | |
11 total
» buildings
| Ziggurat | 9 | |
| Crypt | 2 | |
| Graveyard | 1 | |
| Altar of Darkness | 2 | |
| Tomb of Relics | 1 | |
| Nerubian Tower | 2 | |
| Halls of the Dead | 1 | |
| Spirit Tower | 2 | |
| Black Citadel | 1 | |
| Slaughterhouse | 1 | |
| Necropolis | 2 | |
24 total
» build order
00:07 Ziggurat
00:12 Crypt
00:16 Crypt
00:39 Graveyard
00:59 Altar of Darkness
01:15 Ziggurat
01:32 Tomb of Relics
02:12 Nerubian Tower
02:12 Nerubian Tower
04:58 Halls of the Dead
04:59 Spirit Tower
06:10 Ziggurat
06:11 Ziggurat
07:26 Black Citadel
08:03 Slaughterhouse
08:46 Spirit Tower
15:53 Necropolis
18:12 Ziggurat
18:13 Ziggurat
18:43 Ziggurat
18:44 Ziggurat
20:31 Necropolis
39:03 Altar of Darkness
39:06 Ziggurat
» items
| Rod of Necromancy | 5 | |
| Potion of Mana | 4 | |
| Potion of Healing | 3 | |
| Tome of Retraining | 1 | |
| Scroll of Town Portal | 4 | |
| Boots of Speed | 1 | |
| Staff of Teleportation | 1 | |
| Lesser Clarity Potion | 1 | |
| Scroll of Speed | 1 | |
| Healing Salve | 1 | |
| Potion of Lesser Invulnerability | 1 | |
| Anti-magic Potion | 1 | |
24 total
(p-_^)q (
red | 53 APM | 2557 actions | 48:04)
7 Goblin Alchemist
1 Acid Bomb
3 Healing Spray
2 Chemical Rage
1 Transmute
» actions
| Assign group hotkey | 44 | |
| Basic commands | 277 | |
| Build / train | 81 | |
| Enter build submenu | 65 | |
| Enter hero's abilities submenu | 8 | |
| Give item / drop item | 10 | |
| Right click | 1058 | |
| Select / deselect | 475 | |
| Select group hotkey | 335 | |
| Use ability | 204 | |
2557 total
» units
| Peasant | 14 | |
| Footman | 4 | |
| Gryphon Rider | 9 | |
27 total
» upgrades
| Lumber Harvesting | 2 | |
| Swords | 3 | |
| Armor | 3 | |
| Animal War Training | 1 | |
| Storm Hammers | 1 | |
| Masonry | 3 | |
| Cloud | 1 | |
14 total
» buildings
| Altar of Kings | 1 | |
| Barracks | 1 | |
| Farm | 28 | |
| Scout Tower | 36 | |
| Arcane Tower | 1 | |
| Arcane Vault | 3 | |
| Keep | 1 | |
| Lumber Mill | 1 | |
| Castle | 1 | |
| Gryphon Aviary | 4 | |
| Blacksmith | 2 | |
| Town Hall | 2 | |
| Guard Tower | 11 | |
92 total
» build order
00:47 Altar of Kings
00:49 Barracks
00:52 Farm
00:53 Farm
01:05 Farm
02:05 Scout Tower
02:53 Arcane Tower
03:06 Arcane Vault
03:49 Keep
04:06 Lumber Mill
06:11 Castle
07:52 Gryphon Aviary
07:52 Gryphon Aviary
07:53 Gryphon Aviary
07:54 Gryphon Aviary
07:56 Blacksmith
08:17 Blacksmith
09:33 Farm
09:35 Farm
09:37 Farm
10:25 Farm
14:09 Town Hall
14:19 Scout Tower
14:20 Scout Tower
14:20 Scout Tower
14:20 Scout Tower
15:03 Guard Tower
15:04 Scout Tower
15:05 Scout Tower
15:05 Scout Tower
15:05 Scout Tower
15:07 Scout Tower
15:07 Scout Tower
15:07 Scout Tower
15:12 Arcane Vault
15:14 Guard Tower
15:37 Guard Tower
17:45 Guard Tower
17:51 Farm
17:52 Farm
17:53 Farm
17:54 Farm
20:49 Scout Tower
20:50 Scout Tower
20:50 Scout Tower
20:50 Scout Tower
20:51 Scout Tower
20:52 Scout Tower
20:53 Scout Tower
20:53 Scout Tower
20:54 Scout Tower
20:54 Scout Tower
20:55 Scout Tower
20:55 Scout Tower
20:56 Scout Tower
20:56 Scout Tower
22:22 Arcane Vault
22:23 Scout Tower
22:23 Scout Tower
22:31 Scout Tower
22:32 Scout Tower
22:33 Scout Tower
22:33 Scout Tower
22:35 Scout Tower
22:35 Scout Tower
22:36 Scout Tower
22:37 Scout Tower
23:08 Town Hall
23:14 Guard Tower
23:19 Guard Tower
23:22 Guard Tower
23:27 Guard Tower
23:28 Guard Tower
23:30 Guard Tower
25:10 Guard Tower
44:04 Farm
44:04 Farm
44:05 Farm
44:05 Farm
44:06 Farm
44:06 Farm
44:07 Farm
44:12 Farm
44:16 Farm
44:27 Farm
44:46 Farm
44:47 Farm
44:49 Farm
44:52 Farm
44:53 Farm
44:54 Farm
44:58 Farm
» items
| Lesser Clarity Potion | 2 | |
| Scroll of Regeneration | 1 | |
| Scroll of Town Portal | 6 | |
| Staff of Teleportation | 3 | |
| Boots of Speed | 2 | |
| Orb of Corruption | 1 | |
| Tiny Great Hall | 1 | |
| Periapt of Vitality | 1 | |
| Potion of Mana | 1 | |
18 total
Swoot (
purple | 31 APM | 1213 actions | 39:25)
4 Keeper of the Grove
2 Entangling Roots
2 Thorns Aura
4 Priestess of the Moon
2 Trueshot Aura
2 Searing Arrows
» actions
| Assign group hotkey | 19 | |
| Basic commands | 32 | |
| Build / train | 63 | |
| Enter build submenu | 15 | |
| Enter hero's abilities submenu | 8 | |
| Right click | 480 | |
| Select / deselect | 403 | |
| Select group hotkey | 106 | |
| Use ability | 87 | |
1213 total
» units
» upgrades
| Moon Armor | 1 | |
| Strength of the Moon | 1 | |
| Sentinel | 1 | |
| Reinforced Hides | 3 | |
| Abolish Magic | 1 | |
| Upgrade Moon Glaive | 1 | |
| Strength of the Wild | 2 | |
10 total
» buildings
| Altar of Elders | 1 | |
| Moon Well | 8 | |
| Ancient of War | 3 | |
| Hunter's Hall | 1 | |
| Tree of Ages | 1 | |
| Ancient of Wonders | 1 | |
| Tree of Eternity | 1 | |
| Ancient of Lore | 3 | |
19 total
» build order
00:09 Altar of Elders
00:15 Moon Well
01:20 Moon Well
01:49 Ancient of War
02:00 Hunter's Hall
02:25 Moon Well
02:35 Ancient of War
02:40 Ancient of War
05:02 Moon Well
05:19 Tree of Ages
06:40 Ancient of Wonders
10:02 Tree of Eternity
10:08 Ancient of Lore
10:14 Ancient of Lore
10:19 Moon Well
10:20 Moon Well
11:10 Ancient of Lore
15:19 Moon Well
15:20 Moon Well
» items
| Scroll of Town Portal | 2 | |
| Potion of Healing | 2 | |
4 total
TUCA_BRAZIL (
green | 50 APM | 2341 actions | 46:21)
5 Blademaster
3 Wind Walk
2 Critical Strike
2 Shadow Hunter
1 Hex
1 Healing Wave
» actions
| Assign group hotkey | 15 | |
| Basic commands | 61 | |
| Build / train | 57 | |
| Enter build submenu | 21 | |
| Enter hero's abilities submenu | 8 | |
| Give item / drop item | 1 | |
| Right click | 1614 | |
| Select / deselect | 322 | |
| Select group hotkey | 67 | |
| Use ability | 169 | |
2341 total
» units
| Peon | 9 | |
| Grunt | 2 | |
| Wind Rider | 3 | |
| Troll Batrider | 12 | |
26 total
» upgrades
| Ranged Weapons | 2 | |
| Envenomed Spears | 1 | |
| Reinforced Defenses | 1 | |
| Armor | 1 | |
5 total
» buildings
| Altar of Storms | 1 | |
| Orc Burrow | 7 | |
| Barracks | 1 | |
| Voodoo Lounge | 3 | |
| War Mill | 1 | |
| Stronghold | 2 | |
| Fortress | 1 | |
| Beastiary | 4 | |
| Watch Tower | 3 | |
23 total
» build order
00:41 Altar of Storms
00:56 Orc Burrow
01:13 Barracks
01:57 Voodoo Lounge
02:14 Orc Burrow
02:44 War Mill
03:54 Stronghold
03:55 Stronghold
05:06 Orc Burrow
06:24 Fortress
06:48 Beastiary
07:35 Beastiary
07:55 Orc Burrow
11:27 Orc Burrow
13:05 Watch Tower
13:08 Watch Tower
13:11 Watch Tower
14:21 Voodoo Lounge
15:04 Orc Burrow
18:18 Voodoo Lounge
19:51 Beastiary
19:54 Beastiary
19:57 Orc Burrow
» items
| Healing Salve | 2 | |
| Lesser Clarity Potion | 4 | |
| Potion of Lesser Invulnerability | 4 | |
| Orb of Lightning | 2 | |
| Staff of Teleportation | 1 | |
13 total
team 2 (winner)

»
kingjamesz23z (
blue | 53 APM | 1020 actions | 19:12)
3 Archmage
2 Summon Water Elemental
1 Blizzard
1 Blood Mage
1 Banish
» actions
| Build / train | 57 | |
| Enter build submenu | 31 | |
| Enter hero's abilities submenu | 4 | |
| Remove unit from queue | 4 | |
| Right click | 560 | |
| Select / deselect | 314 | |
| Use ability | 50 | |
1020 total
» units
| Peasant | 11 | |
| Footman | 2 | |
| Rifleman | 3 | |
| Dragonhawk Rider | 2 | |
| Gryphon Rider | 7 | |
25 total
» upgrades
| Masonry | 2 | |
| Swords | 2 | |
| Armor | 2 | |
| Lumber Harvesting | 1 | |
| Storm Hammers | 1 | |
| Animal War Training | 1 | |
| Cloud | 1 | |
10 total
» buildings
| Altar of Kings | 1 | |
| Farm | 11 | |
| Barracks | 1 | |
| Scout Tower | 6 | |
| Lumber Mill | 1 | |
| Blacksmith | 1 | |
| Arcane Tower | 2 | |
| Guard Tower | 3 | |
| Arcane Vault | 1 | |
| Keep | 1 | |
| Gryphon Aviary | 2 | |
| Castle | 1 | |
| Arcane Sanctum | 1 | |
32 total
» build order
00:11 Altar of Kings
01:03 Farm
01:20 Barracks
01:48 Farm
02:06 Scout Tower
02:25 Lumber Mill
02:31 Farm
02:34 Scout Tower
02:41 Scout Tower
02:55 Blacksmith
03:07 Arcane Tower
03:27 Farm
03:31 Guard Tower
04:23 Arcane Vault
04:57 Scout Tower
05:05 Keep
05:35 Guard Tower
05:38 Farm
05:45 Scout Tower
06:15 Guard Tower
06:19 Farm
06:31 Scout Tower
06:59 Farm
07:29 Gryphon Aviary
07:32 Arcane Tower
07:36 Gryphon Aviary
08:01 Castle
09:50 Farm
11:09 Farm
12:04 Farm
14:59 Arcane Sanctum
15:34 Farm
» items
| Potion of Healing | 3 | |
| Scroll of Regeneration | 3 | |
6 total

»
TruckOfPeace (
pink | 127 APM | 2440 actions | 19:14)
4 Firelord
2 Incinerate
2 Soul Burn
» actions
| Assign group hotkey | 87 | |
| Basic commands | 138 | |
| Build / train | 53 | |
| ESC pressed | 12 | |
| Enter build submenu | 14 | |
| Enter hero's abilities submenu | 5 | |
| Right click | 991 | |
| Select / deselect | 455 | |
| Select group hotkey | 625 | |
| Use ability | 60 | |
2440 total
» units
| Wisp | 9 | |
| Huntress | 12 | |
| Glaive Thrower | 8 | |
29 total
» upgrades
| Ultravision | 1 | |
| Strength of the Moon | 3 | |
| Vorpal Blades | 1 | |
| Upgrade Moon Glaive | 1 | |
| Well Spring | 1 | |
7 total
» buildings
| Altar of Elders | 2 | |
| Moon Well | 7 | |
| Ancient of War | 2 | |
| Hunter's Hall | 1 | |
| Tree of Ages | 2 | |
| Tree of Eternity | 1 | |
15 total
» build order
00:08 Altar of Elders
00:17 Moon Well
01:43 Moon Well
01:46 Ancient of War
01:48 Hunter's Hall
02:13 Ancient of War
03:21 Moon Well
04:08 Tree of Ages
04:08 Tree of Ages
05:06 Moon Well
06:48 Tree of Eternity
11:36 Moon Well
13:33 Moon Well
15:09 Altar of Elders
15:38 Moon Well
» items
| Dust of Appearance | 2 | |
| Scroll of Town Portal | 1 | |
| Potion of Lesser Invulnerability | 1 | |
4 total
jakethegay (
yellow | 172 APM | 8265 actions | 48:04)
7 Archmage
3 Summon Water Elemental
3 Brilliance Aura
1 Mass Teleport
6 Mountain King
3 Storm Bolt
2 Bash
1 Avatar
5 Paladin
2 Holy Light
3 Devotion Aura
1 Blood Mage
1 Flame Strike
» actions
| Assign group hotkey | 101 | |
| Basic commands | 416 | |
| Build / train | 157 | |
| ESC pressed | 1 | |
| Enter build submenu | 52 | |
| Enter hero's abilities submenu | 21 | |
| Give item / drop item | 4 | |
| Right click | 2719 | |
| Select / deselect | 1022 | |
| Select group hotkey | 3404 | |
| Use ability | 368 | |
8265 total
» units
| Peasant | 14 | |
| Footman | 4 | |
| Rifleman | 9 | |
| Spell Breaker | 5 | |
| Priest | 4 | |
| Mortar Team | 2 | |
| Siege Engine | 1 | |
| Sorceress | 4 | |
| Flying Machine | 5 | |
| Knight | 1 | |
49 total
» upgrades
| Gunpowder | 3 | |
| Masonry | 3 | |
| Armor | 3 | |
| Long Rifles | 1 | |
| Plating | 3 | |
| Priest Training | 3 | |
| Sorceress Training | 2 | |
| Swords | 3 | |
| Barrage | 1 | |
| Fragmentation Shards | 1 | |
| Flak Cannons | 1 | |
| Flare | 1 | |
| Control Magic | 1 | |
| Magic Sentry | 1 | |
| Flying Machine Bombs | 1 | |
28 total
» buildings
| Altar of Kings | 1 | |
| Barracks | 2 | |
| Farm | 11 | |
| Lumber Mill | 1 | |
| Blacksmith | 1 | |
| Scout Tower | 27 | |
| Arcane Tower | 8 | |
| Arcane Vault | 2 | |
| Guard Tower | 14 | |
| Keep | 1 | |
| Castle | 2 | |
| Arcane Sanctum | 2 | |
| Town Hall | 2 | |
| Workshop | 2 | |
76 total
» build order
01:01 Altar of Kings
01:03 Barracks
01:08 Barracks
01:10 Farm
01:11 Farm
01:28 Farm
01:46 Lumber Mill
01:55 Farm
02:16 Blacksmith
02:24 Scout Tower
02:30 Scout Tower
02:50 Arcane Tower
02:50 Arcane Tower
03:03 Arcane Vault
03:18 Guard Tower
04:23 Keep
04:55 Farm
06:04 Farm
07:58 Castle
07:59 Castle
08:46 Farm
10:09 Arcane Sanctum
10:13 Arcane Sanctum
11:17 Farm
17:10 Town Hall
17:12 Scout Tower
17:13 Scout Tower
17:15 Scout Tower
17:16 Scout Tower
17:18 Scout Tower
17:19 Scout Tower
17:20 Scout Tower
17:20 Scout Tower
17:53 Guard Tower
17:53 Guard Tower
18:19 Arcane Tower
18:19 Guard Tower
18:20 Guard Tower
19:09 Arcane Vault
20:30 Workshop
20:30 Workshop
20:53 Farm
20:58 Farm
21:49 Farm
27:43 Town Hall
27:44 Scout Tower
27:45 Scout Tower
27:47 Scout Tower
27:50 Scout Tower
27:51 Scout Tower
27:53 Scout Tower
28:22 Arcane Tower
28:22 Guard Tower
29:30 Guard Tower
30:25 Guard Tower
30:25 Guard Tower
30:27 Scout Tower
30:28 Scout Tower
30:58 Guard Tower
30:58 Guard Tower
30:58 Guard Tower
31:50 Scout Tower
32:22 Guard Tower
39:05 Scout Tower
39:06 Scout Tower
39:06 Scout Tower
39:07 Scout Tower
39:07 Scout Tower
39:21 Scout Tower
39:22 Scout Tower
39:22 Scout Tower
39:33 Arcane Tower
39:33 Arcane Tower
40:15 Arcane Tower
40:16 Arcane Tower
» items
| Mechanical Critter | 3 | |
| Scroll of Regeneration | 5 | |
| Staff of Teleportation | 2 | |
| Scroll of Protection | 3 | |
| Scroll of Town Portal | 3 | |
| Boots of Speed | 2 | |
| Staff of Sanctuary | 1 | |
| Orb of Fire | 2 | |
| Periapt of Vitality | 1 | |
| Potion of Healing | 1 | |
| Circlet of Nobility | 1 | |
24 total
conspirator (
orange | 89 APM | 1884 actions | 21:12)
5 Demon Hunter
3 Mana Burn
2 Evasion
» actions
| Assign group hotkey | 34 | |
| Basic commands | 2 | |
| Build / train | 54 | |
| Enter build submenu | 16 | |
| Enter hero's abilities submenu | 5 | |
| Remove unit from queue | 1 | |
| Right click | 1085 | |
| Select / deselect | 234 | |
| Select group hotkey | 415 | |
| Use ability | 38 | |
1884 total
» units
| Wisp | 11 | |
| Archer | 10 | |
| Hippogryph | 10 | |
| Chimaera | 5 | |
36 total
» upgrades
» buildings
| Altar of Elders | 1 | |
| Moon Well | 7 | |
| Ancient of War | 1 | |
| Ancient of Wonders | 1 | |
| Tree of Ages | 1 | |
| Tree of Eternity | 1 | |
| Ancient of Wind | 1 | |
| Chimaera Roost | 2 | |
15 total
» build order
00:09 Altar of Elders
00:21 Moon Well
01:21 Ancient of War
01:40 Moon Well
01:52 Ancient of Wonders
02:57 Moon Well
03:58 Tree of Ages
04:50 Moon Well
06:25 Tree of Eternity
06:29 Ancient of Wind
08:56 Chimaera Roost
08:59 Chimaera Roost
11:30 Moon Well
14:06 Moon Well
14:08 Moon Well
» items
| Scroll of Town Portal | 4 | |
| Potion of Healing | 1 | |
5 total
Chat log
(00:19 / All) TruckOfPeace: canada
(00:22 / All) TruckOfPeace: graced with a track
(00:25 / All) TruckOfPeace: of piss
(00:33 / All) (p-_^)q: Blessed by the religion of peace
(00:41 / All) TruckOfPeace: yes
(00:44 / All) TruckOfPeace: peace be upon
(00:46 / All) TruckOfPeace: all followers
(00:57 / All) (p-_^)q: rapefugees welcome
(01:30 / All) TruckOfPeace: dude dont discriminate
(01:34 / All) TruckOfPeace: all are welcome
(01:43 / All) (p-_^)q: especially rapefugees
(01:54 / All) (p-_^)q: especially 40 year old youths
(02:01 / All) TruckOfPeace: we should be thankful for the economic boost they provide
(02:06 / All) TruckOfPeace: to our economies
(02:21 / All) (p-_^)q: subsidized by the tax payer
(02:31 / All) TruckOfPeace: hitler was right
(08:59 / Allies) Swoot: omw
(12:52 / Allies) lordfire99: no air
(13:13 / Allies) lordfire99: red hit and run
(13:20 / Allies) (p-_^)q: taking expo
(16:05 / Allies) (p-_^)q: repiar
(16:09 / All) kingjamesz23z: lool
(16:24 / All) TUCA_BRAZIL: tried
(17:47 / Allies) TUCA_BRAZIL: help
(17:48 / Allies) TUCA_BRAZIL: please
(18:02 / Allies) Swoot: tp green
(20:58 / Allies) (p-_^)q: wood?
(21:21 / Allies) TUCA_BRAZIL: gold?
(21:35 / Allies) Swoot: red gimmie gold
(21:38 / Allies) TUCA_BRAZIL: gold?
(22:00 / Allies) TUCA_BRAZIL: gold 4 bats
(25:26 / Allies) Swoot: units
(25:58 / Allies) lordfire99: gold pzl
(26:08 / Allies) lordfire99: 50 gold plz
(26:21 / Allies) lordfire99: red plz 100 gopld, zpl
(27:11 / All) Swoot: jake
(27:16 / All) Swoot: how much gold you sittin on?
(27:19 / All) jakethegay: 3k
(27:23 / All) Swoot: k
(27:47 / Allies) TUCA_BRAZIL: pq can i have gold?
(28:55 / Allies) TUCA_BRAZIL: swoot can you make hippos?
(29:02 / Allies) Swoot: no gold
(29:09 / Allies) lordfire99: red 10000 gold
(29:13 / Allies) Swoot: red wouldnt send so i sent him all my lumber to support whatever he is doing
(29:32 / Allies) (p-_^)q: taking a nap
(29:35 / Allies) (p-_^)q: ping me in 10 minutes
(29:38 / Allies) Swoot: k
(29:55 / Allies) Swoot: green no
(30:03 / Allies) Swoot: dont burn your units
(30:38 / Allies) TUCA_BRAZIL: problem
(30:53 / Allies) TUCA_BRAZIL: pq can we have some of that 13K gold ? ehh?
(32:19 / Allies) (p-_^)q: Get off my property, you methhead punks
(32:31 / Allies) Swoot: oh my
(32:47 / Allies) (p-_^)q: you trampled all over the flowers I planted
(38:30 / All) (p-_^)q: It's funny how fast alchies are
(45:15 / All) (p-_^)q: lol
(45:17 / All) (p-_^)q: arrogant ass
(45:23 / All) jakethegay: raped green
(45:47 / All) jakethegay: YOU CAN RUN ON FOR A LONG TIME, RUN ON FOR A LONG TIME
(45:51 / All) jakethegay: BUT SOONER OR LATER GOD'LL CUT YA DOWN
(47:04 / All) (p-_^)q: lalw
(47:06 / All) (p-_^)q: who lose
(47:07 / All) jakethegay: nice
(47:10 / All) (p-_^)q: let stat
(47:11 / All) jakethegay: let's stats
(47:23 / All) jakethegay: 47-43 blue, pink 0-0
(47:33 / All) (p-_^)q: purp and green deep in the whole, teal 48-40
(47:35 / All) jakethegay: 7-13 oj
(47:39 / All) (p-_^)q: who said they'd tk you
(47:47 / All) jakethegay: pink but he was bluffing and never did
(47:55 / All) jakethegay: shit attempt at getting me to rush
(47:57 / All) (p-_^)q: k teal has best rec